Map: Simulacrum LE

Players

INnoVation - Winner!

  • Race: Terran Terran
  • Spawn Location: 5:00

Serral

  • Race: Zerg Zerg
  • Spawn Location: 11:00

Event: StayAtHomestory Cup #1

VOD

https://youtu.be/pv1wVC4fcek?t=3

Description

Time

  • Played on: April 11, 2020, 5 p.m.
  • Length: 12:31

All games in this series

Show
View Real Time Build Order
Export as new Build Order

INnoVation Terran - Winner!

Build Orders: Reaper Expand, Hellion Banshee 

Get SALT Encoding   

  12  0:00  SCV  
  13  0:13  SCV  
  14  0:17  Supply Depot  
  14  0:25  SCV  
  15  0:38  SCV  
  15  0:40  Barracks  
  16  0:44  Refinery  
  16  0:50  SCV  
  17  1:03  SCV  
  18  1:15  SCV  
  19  1:27  Orbital Command  
  19  1:28  Reaper  
  20  1:39  Command Center  
  20  1:50  Supply Depot  
  20  1:53  SCV  
  21  2:00  Marine  
  22  2:05  SCV  
  23  2:13  Factory  
  23  2:17  SCV, Marine  
  25  2:29  SCV  
  26  2:37  Barracks Reactor  
  26  2:41  SCV  
  27  2:45  Command Center  
  27  2:53  Orbital Command  
  27  2:54  SCV  
  28  3:02  Starport  
  28  3:07  SCV  
  28  3:11  Refinery  
  29  3:16  Hellion  
  29  3:18  Hellion  
  33  3:21  SCV  
  33  3:22  SCV  
  35  3:33  SCV  
  35  3:34  SCV  
  37  3:38  Starport Tech Lab  
  37  3:39  Hellion x2  
  41  3:46  SCV x2  
  43  3:56  Banshee  
  43  3:57  Orbital Command  
  43  3:58  SCV x2  
  43  3:59  Barracks Tech Lab  
  52  4:02  Hellion  
  52  4:03  Hellion  
  52  4:09  Cloaking Field  
  52  4:10  SCV  
  52  4:11  SCV  
  52  4:14  Supply Depot  
  54  4:23  SCV x3  
  61  4:24  Hellion x2  
  61  4:30  Stimpack  
  61  4:31  Supply Depot  
  61  4:35  Marine  
  61  4:37  SCV x3  
  65  4:41  Banshee  
  68  4:49  SCV x2  
  68  4:53  Supply Depot  
  68  4:55  Marine  
  67  5:00  SCV  
  67  5:01  SCV x2  
  67  5:02  Barracks  
  67  5:04  Refinery  
  67  5:06  Factory Reactor  
  70  5:07  Barracks  
  70  5:08  Engineering Bay  
  70  5:09  Engineering Bay  
  70  5:12  Refinery  
  70  5:13  SCV x2, Orbital Command  
  72  5:16  Marine  
  72  5:20  Supply Depot  
  73  5:26  SCV x2  
  75  5:36  Terran Infantry Weapons Level 1, Terran Infantry Armor Level 1  
  75  5:38  Marine, SCV x2  
  75  5:39  SCV  
  75  5:40  Starport Reactor  
  79  5:48  Barracks  
  79  5:49  Marine, Barracks  
  80  5:50  Marine, SCV x2  
  80  5:51  SCV  
  84  5:57  Siege Tank  
  84  5:58  Supply Depot  
  84  6:02  SCV x2  
  84  6:03  SCV, Supply Depot  
  90  6:04  Marine x2, Supply Depot  
  90  6:06  Marine  
  90  6:10  Combat Shield  
  93  6:19  Marine  
  93  6:20  SCV x3, Medivac x2  
  101  6:26  Marine x4, Armory  
  101  6:27  Supply Depot  
  101  6:28  Supply Depot  
  101  6:32  SCV x3  
  108  6:37  Marine, Barracks Reactor x2  
  109  6:43  Siege Tank  
  109  6:44  SCV x3  
  109  6:46  Refinery  
  115  6:47  Refinery  
  115  6:54  Marine x4  
  115  6:55  Marine  
  115  6:58  SCV  
  115  6:59  SCV x2  
  120  7:02  Supply Depot  
  120  7:04  Medivac  
  120  7:06  Medivac, Command Center  
  124  7:11  Supply Depot  
  124  7:13  Supply Depot  
  124  7:14  Marine  
  124  7:15  Marine x5  
  130  7:17  Marine  
  130  7:21  Siege Tank  
  131  7:25  Marine x2  
  131  7:32  Marine x5  
  131  7:34  Supply Depot  
  136  7:41  Terran Infantry Weapons Level 2, Terran Infantry Armor Level 2  
  136  7:44  Marine x4  
  137  7:50  Marine x5  
  145  7:53  Siege Tank  
  145  7:54  Supply Depot  
  145  7:55  Supply Depot  
  145  7:56  Factory  
  145  7:57  Sensor Tower  
  148  8:01  Marine  
  148  8:02  Marine x3  
  145  8:06  Medivac  
  145  8:07  Medivac  
  145  8:08  Marine x4  
  145  8:12  Drilling Claws  
  153  8:13  Marine  
  153  8:19  Marine x4  
  155  8:25  Siege Tank  
  155  8:26  Marine x4  
  161  8:31  Marine  
  151  8:36  Medivac  
  151  8:37  Marine x4, Medivac  
  159  8:42  Factory Reactor  
  159  8:43  Marine  
  159  8:44  Marine x3  
  163  8:49  Marine, Planetary Fortress  
  163  8:55  Marine x2  
  165  8:56  Factory Tech Lab  
  165  8:57  Barracks x2  
  165  8:58  Barracks  
  163  9:07  Siege Tank  
  163  9:08  Marine x7  
  163  9:12  SCV x2  
  163  9:13  SCV, Marine x2  
  168  9:25  Marine  
  168  9:26  Marine  
  168  9:27  Terran Vehicle Weapons Level 1  
  168  9:28  Concussive Shells  
  168  9:29  Marine x4, Marauder  
  168  9:30  Marine  
  168  9:31  Marine  
  178  9:32  Medivac  
  178  9:33  Sensor Tower  
  178  9:34  Medivac  
  182  9:39  Siege Tank  
  182  9:43  Marine x2  
  187  9:46  Marine  
  187  9:47  Marine x2  
  187  9:48  Marine x2, Barracks Tech Lab x3  
  187  9:49  Marine  
  187  9:50  Marauder  
  192  9:53  Siege Tank  
  195  10:01  Marine x2, SCV x3  
  195  10:05  Marine x2  
  176  10:11  Command Center, Siege Tank  
  178  10:24  SCV x2  
  165  10:35  Siege Tank  
  154  10:40  SCV  
  154  10:41  SCV x2, Marine x3  
  157  10:43  Siege Tank  
  157  10:47  Medivac x2  
  164  10:53  SCV x3  
  164  10:54  Marine  
  168  11:07  Marine  
  168  11:08  Marine x4, Marauder x4  
  168  11:10  SCV x2  
  181  11:22  Siege Tank  
  181  11:23  Planetary Fortress  
  178  11:29  Marine x2, Marauder  
  178  11:30  Marine, Marauder  
  182  11:37  Marine, Marauder x2  
  187  11:43  Siege Tank  
  190  11:49  Medivac x2  
  194  11:56  Siege Tank  
  194  11:58  Marine x2, Marauder x2  
  194  11:59  Marauder  
  182  12:07  Marine x4, Marauder  
Show
View Real Time Build Order
Export as new Build Order

Serral Zerg 

Build Orders: Hatch First 

Get SALT Encoding   

  12  0:00  Drone  
  13  0:12  Overlord  
  13  0:17  Drone  
  14  0:31  Drone x2  
  16  0:50  Hatchery  
  16  0:52  Drone  
  16  0:55  Drone  
  17  0:59  Drone  
  18  1:11  Extractor  
  17  1:14  Spawning Pool  
  17  1:17  Drone  
  17  1:20  Drone  
  18  1:27  Drone  
  19  1:38  Drone  
  20  1:51  Overlord  
  20  2:01  Queen x2  
  20  2:02  Zergling x4  
  26  2:10  Drone  
  26  2:13  Drone  
  26  2:15  Metabolic Boost  
  28  2:23  Drone x2  
  30  2:36  Hatchery  
  29  2:43  Drone x2  
  31  2:47  Queen  
  33  2:52  Overlord  
  33  2:55  Drone  
  33  2:57  Drone  
  35  2:59  Drone  
  36  3:12  Drone x4  
  40  3:13  Overlord  
  40  3:19  Zergling x2  
  41  3:20  Drone  
  41  3:23  Queen  
  44  3:27  Overlord  
  44  3:34  Drone  
  44  3:39  Zergling x2  
  44  3:40  Zergling x2  
  47  3:43  Drone x2  
  47  3:44  Drone  
  50  3:48  Overlord  
  50  3:49  Queen  
  50  3:51  Drone  
  53  3:58  Zergling x4  
  53  3:59  Queen, Drone x2  
  59  4:03  Drone  
  59  4:04  Drone x2  
  62  4:14  Overlord  
  62  4:16  Zergling x2  
  62  4:17  Drone x3  
  62  4:21  Overlord  
  65  4:27  Extractor  
  65  4:29  Evolution Chamber  
  65  4:30  Zergling x4  
  65  4:32  Evolution Chamber  
  65  4:33  Overlord  
  65  4:34  Drone x2  
  65  4:35  Drone x2  
  68  4:39  Zergling x2  
  68  4:41  Drone  
  68  4:43  Drone  
  71  4:48  Spore Crawler  
  71  4:50  Drone  
  71  4:51  Spore Crawler  
  71  4:52  Drone x3  
  73  4:53  Drone x2  
  73  4:56  Zerg Melee Weapons Level 1  
  73  4:57  Drone x2  
  73  4:58  Drone  
  78  5:00  Zerg Ground Armor Level 1  
  78  5:05  Drone x2  
  78  5:06  Extractor, Drone  
  80  5:10  Lair  
  80  5:20  Hatchery  
  80  5:21  Zergling x2, Drone  
  80  5:22  Drone x2  
  80  5:25  Drone x3  
  80  5:26  Extractor  
  80  5:28  Extractor, Overlord  
  84  5:30  Drone x2  
  84  5:34  Drone x2, Baneling Nest  
  86  5:37  Drone x2  
  86  5:41  Overlord x2  
  88  5:49  Hatchery  
  87  5:57  Overlord  
  87  5:58  Zergling x14  
  94  6:13  Overseer  
  94  6:17  Hydralisk Den, Drone x9  
  95  6:28  Spore Crawler, Drone  
  95  6:30  Baneling x6  
  94  6:33  Centrifical Hooks  
  94  6:36  Drone x8  
  101  6:42  Drone x4  
  101  6:43  Queen  
  101  6:44  Overlord  
  104  6:49  Muscular Augments  
  104  6:50  Overlord  
  104  6:52  Zerg Melee Weapons Level 2  
  104  6:54  Drone x3  
  102  7:04  Spore Crawler, Baneling x2  
  102  7:06  Drone x3  
  104  7:10  Drone  
  104  7:11  Drone  
  104  7:12  Drone x4  
  104  7:14  Queen  
  112  7:15  Overlord  
  112  7:16  Zerg Ground Armor Level 2  
  112  7:20  Zergling x10  
  112  7:21  Overseer  
  116  7:25  Overlord  
  116  7:28  Overlord  
  116  7:32  Infestation Pit  
  116  7:33  Extractor, Drone  
  116  7:34  Drone x2  
  115  7:40  Queen  
  112  7:44  Hydralisk x4  
  112  7:49  Baneling x4  
  112  7:50  Queen  
  112  7:51  Drone, Overlord  
  122  7:54  Overseer  
  122  7:57  Zergling x26  
  135  7:59  Baneling x3  
  135  8:04  Zergling x8  
  132  8:06  Baneling x5  
  132  8:11  Zergling x14  
  139  8:13  Baneling  
  139  8:14  Baneling x4  
  139  8:17  Zergling x4  
  141  8:23  Baneling x7  
  137  8:30  Zergling x2  
  137  8:31  Zergling x22  
  143  8:37  Overlord  
  143  8:44  Zergling x12  
  143  8:46  Hatchery  
  145  8:49  Zergling x6  
  145  8:52  Hive  
  148  8:55  Overlord  
  148  9:00  Baneling x5  
  142  9:09  Zergling x24  
  138  9:12  Baneling x14  
  138  9:15  Hydralisk x3  
  144  9:19  Grooved Spines  
  144  9:21  Zergling x2  
  144  9:22  Zergling x8  
  149  9:28  Zergling x10  
  154  9:36  Baneling x11  
  154  9:39  Extractor  
  154  9:40  Drone x2  
  154  9:41  Drone x2  
  154  9:42  Overlord  
  157  9:46  Zergling x14  
  161  9:59  Baneling  
  157  10:00  Baneling x8  
  157  10:04  Zergling x26  
  148  10:13  Zergling x6, Hydralisk x4  
  154  10:27  Zergling x12  
  154  10:28  Zergling x8  
  151  10:29  Baneling x13  
  151  10:32  Hatchery  
  151  10:34  Zergling x8  
  142  10:45  Viper x2  
  142  10:48  Zergling x26  
  155  10:52  Extractor  
  154  11:01  Drone x2  
  156  11:05  Hydralisk  
  156  11:06  Zergling x14  
  156  11:11  Overlord  
  165  11:14  Overlord x2  
  165  11:15  Overlord  
  165  11:17  Baneling x3  
  165  11:18  Hatchery  
  163  11:26  Zergling x6  
  163  11:31  Queen  
  163  11:32  Zergling x14  
  173  11:33  Zergling x8  
  173  11:34  Baneling  
  173  11:35  Baneling x3  
  176  11:40  Baneling x3  
  176  11:41  Baneling x7  
  176  11:43  Zergling x6  
  179  11:51  Baneling x7  
  179  11:53  Zergling x12  
  146  12:05  Zergling x24  
  132  12:13  Baneling x14  
Tags
 
Add a new tag
Caveats
  • Supply blocks, unpowered buildings, or Contaminate may cause inaccurate times.
  • Supply counts are checked every 10 seconds.